 Dungeon Crawl Stone Soup version 0.16.1-11-g651b585 (webtiles) character file.

87 PaulMcIcedTea the Skirmisher (level 4, -16/36 HPs)
             Began as a Human Berserker on Mar 28, 2015.
             Demolished by a polar bear (24 damage)
             ... created by the rage of Trog
             ... on level 3 of the Dungeon on Apr 1, 2015.
             The game lasted 00:13:19 (2772 turns).

PaulMcIcedTea the Skirmisher (Human Berserker)      Turns: 2772, Time: 00:13:21

Health: -16/36     AC:  6    Str: 18 (19) XL:     4   Next: 80%
Magic:  4/4        EV: 10    Int:  7      God:    Xom [..*...]
Gold:   59         SH:  0    Dex: 12      Spells: 0 memorised, 3 levels left

rFire  . . .     SeeInvis .     a - +0 hand axe
rCold  . . .     Clarity  .     e - +0 scale mail
rNeg   . . .     SustAb   .     (no shield)
rPois  .         Gourm    .     (no helmet)
rElec  .         Spirit   .     (no cloak)
rCorr  .         Warding  .     (no gloves)
rMut   .         Stasis   .     (no boots)
MR     .....                    (no amulet)
Stlth  ..........               (no ring)
                                (no ring)

@: not resistant to hostile enchantments, extremely unstealthy
A: no striking features
a: Renounce Religion


You were on level 3 of the Dungeon.
You worshipped Xom.
You were a toy of Xom.
You were not hungry.

You visited 1 branch of the dungeon, and saw 3 of its levels.

You collected 59 gold pieces.

Inventory:

Hand weapons
 a - a +0 hand axe (weapon)
 i - a +0 club
Armour
 b - a +0 animal skin
 e - a +0 scale mail (worn)
Magical devices
 f - a wand of magic darts (13)
Scrolls
 d - a scroll of immolation {unknown}
 h - 3 scrolls of identify {unknown}
 j - a scroll of enchant weapon {unknown}
 k - 2 scrolls of fog {unknown}
 m - 2 scrolls of amnesia {unknown}
Potions
 g - 2 potions of resistance {unknown}
Comestibles
 c - 3 bread rations


   Skills:
 + Level 3.6 Fighting
 + Level 3.4 Axes
 + Level 2.5 Armour
 + Level 3.1 Dodging
 + Level 0.7 Stealth


You had 3 spell levels left.
You didn't know any spells.

Dungeon Overview and Level Annotations

Branches:
Dungeon (3/15)

Altars:
Vehumet
Xom


Message History

You hit the polar bear.
The polar bear is lightly wounded.
You hit the polar bear.
The polar bear is lightly wounded.
The polar bear barely misses you. The polar bear claws you.
The polar bear claws you. The polar bear bites you.
The polar bear barely misses you. x2
The polar bear bites you but does no damage.
The polar bear claws you. The polar bear barely misses you.
The black bear barely misses you. x2
The black bear claws you but does no damage.
The polar bear bites you but does no damage.
The polar bear claws you.
* * * LOW HITPOINT WARNING * * *
The polar bear claws you.
* * * LOW HITPOINT WARNING * * *
The polar bear bites you!!
Ouch! That really hurt!
You die...
Xom chortles!

.. #### #...
...#
#..$####...#
...#.#<...#
#.#......#
##........#
#...hh.##.#
#..hhh....#
#...@..#.....
#.########+++
#.


You could see 4 polar bears and a black bear (berserk).

Vanquished Creatures
  3 adders
  A worm (D:2)
  2 giant geckos
  An ooze (D:1)
  A giant cockroach (D:2)
  4 goblins
  5 hobgoblins
  5 jackals
  6 kobolds
  6 ball pythons (D:2)
  8 bats
  4 giant newts
  4 rats (D:2)
  A plant (D:2)
51 creatures vanquished.

Notes
Turn   | Place    | Note
--------------------------------------------------------------
     0 | D:1      | PaulMcIcedTea, the Human Berserker, began the quest for the Orb.
     0 | D:1      | Reached XP level 1. HP: 18/18 MP: 1/1
   217 | D:1      | Reached XP level 2. HP: 20/24 MP: 2/2
   983 | D:2      | Reached XP level 3. HP: 18/29 MP: 3/3
  1507 | D:2      | Found a shimmering altar of Xom.
  1649 | D:2      | Acquired Trog's second power
  1650 | D:2      | Upgraded the game from 0.16.1-5-gaa23807 to 0.16.1-11-g651b585
  1664 | D:2      | Fell from the grace of Trog
  1664 | D:2      | Became a worshipper of Xom of Chaos
  1853 | D:2      | XOM: divination: detect creatures
  1948 | D:2      | Reached XP level 4. HP: 26/35 MP: 4/4
  1950 | D:2      | Found a radiant altar of Vehumet.
  2372 | D:2      | XOM: smoke on damage
  2660 | D:2      | XOM: cast spell 'Ice Form'
  2770 | D:3      | Noticed a polar bear
  2770 | D:3      | Noticed a polar bear
  2770 | D:3      | Noticed a polar bear
  2770 | D:3      | Noticed a black bear
  2770 | D:3      | Noticed a polar bear
  2772 | D:3      | Demolished by a polar bear

Action                   |  1- 3 |  4- 6 || total
-------------------------+-------+-------++-------
Melee: Hand axe          |   131 |   103 ||   234
       Unarmed           |       |     6 ||     6
  Use: Potion            |     3 |       ||     3
 Stab: Invisible         |     1 |       ||     1
  Eat: Bread ration      |     1 |       ||     1
       Meat ration       |       |     1 ||     1
